 Dungeon Crawl Stone Soup version 0.29.1-4-g47bece8355 (webtiles) character file.

Game seed: 10914586928801351763

298 CungeonDrawl the Magician (level 6, -11/44 HPs)
             Began as a Djinni Conjurer on Dec 5, 2022.
             Killed by divine providence
             ... invoked by an orc priest
              (13 damage)
             ... on level 4 of the Dungeon.
             The game lasted 00:10:53 (4707 turns).

CungeonDrawl the Magician (Djinni Conjurer)         Turns: 4707, Time: 00:10:55

Health: -11/44     AC:  2    Str:  6    XL:     6   Next: 63%
Gold:   177        EV: 12    Int: 21    God:
                   SH:  0    Dex: 12

rFire   + + .      SeeInvis .   (no weapon)
rCold   x . .      Faith    .   (no shield)
rNeg    . . .      Spirit   .   a - +0 robe
rPois   ∞          Reflect  .   (no helmet)
rElec   .          Harm     .   (no cloak)
rCorr   .          Rampage  .   (no gloves)
Will    .....                   (boots unavailable)
Stlth   ++........              (no amulet)
HPRegen 0.14/turn               (no ring)
MPRegen 0.00/turn               (no ring)

@: flying
A: sickness immunity, fire resistance 2, cold vulnerability 1, float, innate
caster, HP casting, extra vitality 1
a: no special abilities


You were on level 4 of the Dungeon.
You visited 1 branch of the dungeon, and saw 4 of its levels.

You collected 177 gold pieces.

Inventory:

Armour
 a - a +0 robe (worn)
Scrolls
 c - 3 scrolls of enchant armour {unknown}
 d - 2 scrolls of noise {unknown}
 e - a scroll of fear {unknown}
 j - 3 scrolls of identify
 k - 3 scrolls of silence {unknown}
 n - a scroll of teleportation {unknown}
Potions
 b - a potion of haste {unknown}
 f - 4 potions of curing
 g - a potion of heal wounds {unknown}
 h - a potion of brilliance {unknown}
 i - a potion of resistance {unknown}
 l - a potion of berserk rage {unknown}
 m - a potion of degeneration {unknown}


   Skills:
 * Level 2.3 Fighting
 - Level 2.4 Dodging
 - Level 1.8 Stealth
 - Level 5.3 Spellcasting


You couldn't memorise any spells.
You knew the following spells:

 Your Spells              Type           Power      Damage    Failure   Level
a - Magic Dart            Conj           100%       1d8       1%          1
b - Searing Ray           Conj           54%        2d6       1%          2
c - Dazzling Flash        Conj/Hex       54%        N/A       3%          3
d - Fulminant Prism       Conj/Hex       13%        3d9       12%         4
e - Iskenderun's Mystic   Conj/Tloc      27%        2d7       12%         4
f - Beastly Appendage     Tmut           54%        N/A       1%          1
g - Call Imp              Summ           27%        N/A       1%          2
Your spell library was empty.

Dungeon Overview and Level Annotations

Branches:
Dungeon (4/15)
 Temple: D:4-7

Altars:
Fedhas
Hepliaklqana
Qazlal
Ru
Wu Jian

Shops:
D:3 (


Innate Abilities, Weirdness & Mutations

You are immune to sickness and miasma.
You are immune to poison.
Your flesh is very heat resistant. (rF++)
You are vulnerable to cold. (rC-)
You float through the air rather than walking.
You learn spells naturally, not from books.
Your magical power is your life essence.
You have superior vitality. (+4 MHP)


Message History

The magic dart hits the endoplasm.
You kill the endoplasm!
An orc priest comes into view. It is wielding a +0 short sword.
You miscast Magic Dart.
You are very lightly contaminated with residual magic.
Nothing appears to happen.
The orc priest shouts!
The orc priest invokes the aid of Beogh against you.
You struggle to resist.
An orc comes into view. It is wielding a +0 club.
The magic dart hits the orc priest!
The orc priest is heavily wounded.
The orc shouts!
You hear a shout!
The orc priest calls down the wrath of Beogh upon you.
Beogh smites you!
An orc comes into view. It is wielding a +0 short sword.
Casting: Magic Dart (safe; 1% risk of failure)
Confirm with . or Enter, or press ? or * to list all spells.
Aiming: Magic Dart (safe; 1% risk of failure)
Press: ? - help, Shift-Dir - straight line, f/p - orc priest
Aim: an orc priest, wielding a +0 short sword (heavily wounded, 100% to hit)
The magic dart hits the orc priest.
The orc priest is almost dead.
The orc shouts!
The magic dart hits the orc priest but does no damage.
The orc priest is almost dead.
An orc comes into view. It is wielding a +0 club.
The magic dart hits the orc priest.
The orc priest is almost dead.
The orc priest invokes the aid of Beogh against you.
Beogh smites you!
* * * LOW HITPOINT WARNING * * *
You are too injured to fight recklessly!
The orc priest invokes the aid of Beogh against you.
Beogh smites you!
* * * LOW HITPOINT WARNING * * *
Your magical contamination has completely faded away.
The orc priest calls down the wrath of Beogh upon you.
Beogh smites you!
You die...

#.......#....#
#########.......#
#.....##........###
#.....##..####..#..
#..#..##..##.......
#.....##..#.....#..
.....##........###
#..............#
#.#####@##.##........#
#........#........##.#
#..####..##......###.#
###..##.#.#......#
#.o.......########
#.##.######


.oo #.# ... ..# ### #### #### #.. You could see an orc priest.

Vanquished Creatures
  An orc priest (D:4)
  A jelly (D:4)
  An iguana (D:4)
  10 gnolls
  3 adders
  A worm (D:2)
  A dart slug (D:1)
  7 orcs
  2 bats
  7 endoplasms
  3 giant cockroaches
  8 goblins
  7 hobgoblins
  4 jackals (D:2)
  2 quokkas (D:2)
  4 ball pythons
  3 frilled lizards
  8 kobolds
  5 rats
78 creatures vanquished.

Notes
Turn   | Place    | Note
-------+----------+-------------------------------------------
     0 | D:1      | CungeonDrawl the Djinni Conjurer began the quest for the
                  | Orb.
     0 | D:1      | CungeonDrawl set off with the following spells memorised:
                  | Magic Dart, Searing Ray, Dazzling Flash, Fulminant Prism,
                  | Iskenderun's Mystic Blast.
     0 | D:1      | Reached XP level 1. HP: 15/15 MP: 0/0
   130 | D:1      | Reached XP level 2. HP: 14/21 MP: 0/0
   583 | D:1      | Found a faded altar of an unknown god.
   655 | D:1      | Reached XP level 3. HP: 21/25 MP: 0/0
   655 | D:1      | Learned a level 1 spell: Beastly Appendage
  1211 | D:2      | Reached skill level 4 in Spellcasting
  1317 | D:2      | Reached XP level 4. HP: 25/31 MP: 0/0
  1497 | D:2      | Identified the +11 short sword "Rilerudgh" {holy, rC- rCorr
                  | Dex+4}
  2230 | D:2      | Reached XP level 5. HP: 34/35 MP: 0/0
  2230 | D:2      | Learned a level 2 spell: Call Imp
  3163 | D:3      | Reached skill level 5 in Spellcasting
  3223 | D:3      | Found Gutuihug's Antique Weapon Emporium.
  3757 | D:4      | Found a hazy altar of Hepliaklqana.
  3757 | D:4      | Found an ornate altar of the Wu Jian Council.
  3761 | D:4      | Found a blossoming altar of Fedhas.
  3761 | D:4      | Found a sacrificial altar of Ru.
  3762 | D:4      | Found a stormy altar of Qazlal.
  3818 | D:4      | Reached XP level 6. HP: 36/40 MP: 0/0
  4015 | D:4      | Reached skill level 1 in Fighting
  4705 | D:4      | HP: 1/44 [orc priest/divine providence (12)]
  4707 | D:4      | Killed from afar by an orc priest

Illustrated notes

Levels and vault maps discovered:
D:1:      saegor_arrival_simple_d, layout_rooms,
          shapermc_ecumenical_altar_acropolis, minmay_vboxes
D:2:      minmay_evil_eye, layout_basic, minmay_misc_feat_rugged
D:3:      layout_rooms, serial_shops, nicolae_square_shop, columned_hall_lemuel,
          nicolae_underground_beach
D:4:      minmay_chambers_of_twos, layout_loops_cross,
          grunt_temple_overflow_open

Skill      XL: |  1  2  3  4  5  6 |
---------------+-------------------+-----
Spellcasting   | 4 5 |  5.3
Fighting       | 2 |  2.3
Dodging        | |  2.4
Stealth        | |  1.8

Action                   |  1- 3 |  4- 6 || total
-------------------------+-------+-------++-------
 Cast: Magic Dart        |    50 |   160 ||   210
  Use: Scroll            |       |     1 ||     1
Armor: Robe              |       |     2 ||     2
Dodge: Dodged            |     4 |    17 ||    21
